 Dungeon Crawl Stone Soup version 0.16.2-2-g470672f (webtiles) character file.

1258 hannobal the Carver (level 8, -6/54 HPs)
             Began as a High Elf Skald on Sept 4, 2015.
             Was an Initiate of Ru.
             Mangled by an orc warrior
             ... wielding a +0 battleaxe
              (26 damage)
             ... on level 5 of the Dungeon.
             The game lasted 00:28:13 (9173 turns).

hannobal the Carver (High Elf Skald)                Turns: 9173, Time: 00:28:13

Health: -6/54      AC:  7    Str: 10    XL:     8   Next: 27%
Magic:  36/36      EV: 13    Int: 16    God:    Ru [......]
Gold:   2          SH:  0    Dex: 17    Spells: 3 memorised, 6 levels left

rFire  . . .     SeeInvis .     d - -2 longbow of Pufecor {freeze, rElec rPois MP+9 Str-3 Dex+2} (curse)
rCold  . . .     Clarity  .     k - +1 ring mail
rNeg   . . .     SustAb   .     (no shield)
rPois  +         Gourm    .     (no helmet)
rElec  +         Spirit   .     (no cloak)
rCorr  .         Warding  .     q - +0 pair of gloves (curse)
rMut   .         Stasis   .     (no boots)
MR     .....                    (no amulet)
Stlth  +.........               (no ring)
                                v - ring of magical power

@: about to teleport, infused, not resistant to hostile enchantments, very
unstealthy
A: no striking features
a: Renounce Religion


You were on level 5 of the Dungeon.
You worshipped Ru.
Ru was noncommittal.
You were hungry.

You visited 1 branch of the dungeon, and saw 6 of its levels.

You collected 258 gold pieces.
You spent 256 gold pieces at shops.

Inventory:

Hand weapons
 a - a +0 falchion
 b - a +1 dagger of venom
 d - the cursed -2 longbow of Pufecor (weapon) {freeze, rElec rPois MP+9 Str-3 Dex+2}
   (You bought it in a shop on level 6 of the Dungeon)

   It causes projectiles fired from it to freeze those they strike, causing
   extra injury to most foes and up to half again as much damage against
   particularly susceptible opponents.
   They can also slow down cold-blooded creatures.
   It affects your strength (-3).
   It affects your dexterity (+2).
   It insulates you from electricity.
   It protects you from poison.
   It affects your magic capacity (+9).
   It has a curse placed upon it.
 g - a +0 hunting sling
 D - a +0 trident of venom
Missiles
 e - 34 sling bullets
 h - 157 stones
 x - 2 tomahawks
 y - 21 poisoned needles
 B - 27 arrows (quivered)
 C - 14 sling bullets of flame
Armour
 i - a +0 leather armour
 k - a +1 ring mail (worn)
 q - a cursed +0 pair of gloves (worn)
 w - a +0 chain mail
Jewellery
 m - an uncursed ring of fire
 u - an uncursed ring of fire
 v - a ring of magical power (left hand)
Magical devices
 j - a wand of digging (22)
 p - a wand of slowing (23)
 E - a wand of fire (8)
Scrolls
 n - 3 scrolls of identify
 o - a scroll of teleportation
Potions
 f - a potion of haste
 r - a potion of curing
 t - a potion of agility
 z - a potion of cure mutation {!q}
 A - a potion of lignification
Books
 c - a book of Battle

   Spells                             Type                      Level
   a - Infusion                       Charms                       1
   b - Shroud of Golubria             Charms/Translocation         2
   c - Song of Slaying                Charms                       2
   d - Spectral Weapon                Hexes/Charms                 3
   e - Regeneration                   Charms/Necromancy            3
Miscellaneous
 s - a plain deck of changes {drawn: 2}
Comestibles
 l - 6 fruits {!e}
 F - a meat ration {@e2}
 G - a chunk of flesh {@w0}


   Skills:
 - Level 4.0 Fighting
 - Level 9.0 Long Blades
 + Level 2.0 Bows
 - Level 0.8 Armour
 - Level 5.5 Dodging
 - Level 2.4 Spellcasting
 - Level 3.6 Charms
 - Level 1.2 Translocations
 - Level 1.2 Evocations


You had 6 spell levels left.
You knew the following spells:

 Your Spells              Type           Power        Failure   Level  Hunger
a - Infusion              Chrm           ##....       14%         1    #......
b - Song of Slaying       Chrm           ##......     21%         2    ###....
c - Shroud of Golubria    Chrm/Tloc      #.........   30%         2    ###....


Dungeon Overview and Level Annotations

Branches:
Dungeon (6/15)
 Temple: D:4-7

Altars:
Cheibriados
Elyvilon
Nemelex Xobeh
Ru
Sif Muna
Vehumet
Xom
Yredelemnul
The Shining One

Shops:
D:6 (

Annotations:
D:2 Natasha


Message History

The orc warrior hits you with a battleaxe!
You are too injured to fight recklessly!
You are too injured to fight recklessly!
You are too injured to fight recklessly!
You are too injured to fight recklessly!
Drink which item? (? for menu, Esc to quit)
Okay, then.
Read which item? (? for menu, Esc to quit)
As you read the scroll of teleportation, it crumbles to dust.
You feel strangely unstable.
The orc warrior hits you with a battleaxe!
Firing (i - inventory. (,) - cycle):
B - 28 arrows (quivered)
Press: ? - help, Shift-Dir - straight line, f - worker ant, p - orc warrior
Aim: a worker ant You shoot an arrow.
The arrow hits the worker ant!
The arrow freezes the worker ant.
You kill the worker ant!
Your Bows skill increases to level 2!
The orc warrior hits you with a battleaxe!!
You die...

#...............##.......#
#......####.....##.....#.##
#......# #.....##....#.#.##
##.....##
#.###.####.#...#.#
#.......# #.# #.#
#.#.....#. #.......# #.#
#.# #.#.≈≈≈.#.
#.......###.# #.#
#.#≈...≈#. #######..##(#
#.# #.#≈._.≈#. ##.##@# #.#
#.#≈...≈#. #..#o###.#
#.#.≈≈≈.#. ##.#.....#
#.#.....#. #.#.#####
##.#...#.# #...# #..#.#.##
##..# #.#.#.## #.># #.##..#
#### #.###.# #.....#


You could see an orc warrior.

Vanquished Creatures
  Grinder (D:3)
  An ice beast (D:5)
  2 sky beasts (D:5)
  An ogre (D:5)
  A phantom (D:3)
  A scorpion (D:5)
  2 giant frog zombies (D:5)
  2 crimson imps
  A hound (D:5)
  An orc priest (D:3)
  2 orc wizards
  2 worker ants
  Ijyb (D:2)
  Jessica (D:2)
  A hound skeleton (D:5)
  Terence (D:2)
  8 adders
  A giant mite (D:2)
  3 worms (D:2)
  An adder skeleton (D:5)
  8 giant geckos
  An ooze (D:2)
  19 orcs
  6 giant cockroaches
  10 goblins
  13 hobgoblins
  2 ball pythons
  13 bats
  A giant newt (D:3)
  7 jackals
  11 kobolds
  A quokka (D:5)
  11 rats
  A butterfly (D:5)
138 creatures vanquished.

Notes
Turn   | Place    | Note
--------------------------------------------------------------
     0 | D:1      | hannobal, the High Elf Skald, began the quest for the Orb.
     0 | D:1      | Reached XP level 1. HP: 14/14 MP: 4/4
   556 | D:1      | Reached XP level 2. HP: 14/19 MP: 3/6
  1189 | D:2      | Reached skill level 4 in Long Blades
  1280 | D:2      | Noticed Jessica
  1286 | D:2      | Reached XP level 3. HP: 18/24 MP: 6/8
  1289 | D:2      | Killed Jessica
  1464 | D:2      | Noticed Ijyb
  1490 | D:2      | Killed Ijyb
  1490 | D:2      | Reached skill level 5 in Long Blades
  1490 | D:2      | Reached XP level 4. HP: 16/29 MP: 2/11
  1506 | D:2      | Learned a level 2 spell: Song of Slaying
  1509 | D:2      | Learned a level 2 spell: Shroud of Golubria
  1649 | D:2      | Reached skill level 1 in Translocations
  2488 | D:2      | Found a radiant altar of Vehumet.
  2944 | D:2      | Noticed Terence
  2958 | D:2      | Killed Terence
  2958 | D:2      | Reached skill level 6 in Long Blades
  2961 | D:2      | Reached XP level 5. HP: 23/34 MP: 5/12
  3282 | D:3      | Found a snail-covered altar of Cheibriados.
  3284 | D:3      | Noticed Natasha
  4023 | D:3      | Found a sparkling altar of Nemelex Xobeh.
  4494 | D:3      | Noticed Grinder
  4498 | D:3      | Paralysed by Grinder for 3 turns
  4513 | D:3      | Killed Grinder
  4513 | D:3      | Reached skill level 8 in Long Blades
  4513 | D:3      | Reached XP level 6. HP: 11/39 MP: 13/15
  5577 | D:3      | Reached skill level 9 in Long Blades
  5577 | D:3      | Reached skill level 1 in Evocations
  5577 | D:3      | Reached XP level 7. HP: 18/45 MP: 15/17
  6774 | D:5      | Entered Level 5 of the Dungeon
  6953 | D:5      | Found a shimmering altar of Xom.
  7661 | D:5      | Found a glowing golden altar of the Shining One.
  7661 | D:5      | Found a basalt altar of Yredelemnul.
  7662 | D:5      | Found a white marble altar of Elyvilon.
  7956 | D:5      | Found a sacrificial altar of Ru.
  7965 | D:5      | Became a worshipper of Ru the Awakened
  8023 | D:5      | Found a deep blue altar of Sif Muna.
  8579 | D:5      | Reached XP level 8. HP: 37/54 MP: 15/18
  8951 | D:6      | Found Wicom's Antique Weapon Emporium.
  8961 | D:5      | Reached skill level 5 in Dodging
  8969 | D:6      | Bought a dazzling longbow for 256 gold pieces
  8969 | D:6      | Identified the cursed -2 longbow of Pufecor {freeze, rElec rPois MP+9 Str-3 Dex+2} (You bought it in a shop on level 6 of the Dungeon)
  9145 | D:6      | Reached skill level 1 in Bows
  9173 | D:5      | Mangled by an orc warrior

Action                   |  1- 3 |  4- 6 |  7- 9 || total
-------------------------+-------+-------+-------++-------
Melee: Falchion          |    93 |   229 |   167 ||   489
       Dagger            |       |   116 |    82 ||   198
 Fire: Longbow           |       |       |    22 ||    22
Throw: Stone             |       |    18 |     3 ||    21
 Cast: Infusion          |     7 |    16 |     7 ||    30
       Song of Slaying   |       |     2 |       ||     2
Evoke: Deck              |       |     2 |       ||     2
       Wand              |       |     1 |       ||     1
  Use: Potion            |     4 |     4 |     6 ||    14
       Scroll            |     5 |     1 |     5 ||    11
  Eat: Chunk             |     2 |     9 |     3 ||    14
       Bread ration      |       |     1 |     2 ||     3
